Map: Bel'Shir Vestige LE (Void)

Players

abrhpos

  • Race: Zerg Zerg
  • Spawn Location: 5:00

Loken - Winner!

  • Race: Protoss Protoss
  • Spawn Location: 11:00

VOD

Have the link to the VOD?

Description

Time

  • Played on: March 13, 2017, 4:59 p.m.
  • Length: 15:04
Show
View Real Time Build Order
Export as new Build Order

abrhpos Zerg 

Build Orders: Pool First 

Get SALT Encoding   

  12  0:01  Drone  
  13  0:12  Drone  
  14  0:18  Overlord  
  14  0:36  Drone x2  
  14  0:39  Drone  
  17  0:46  Spawning Pool  
  17  0:48  Drone  
  17  0:55  Extractor  
  16  1:14  Hatchery  
  16  1:15  Drone  
  16  1:22  Drone  
  17  1:45  Zergling x6  
  19  2:00  Zergling x2  
  19  2:08  Zergling x2  
  18  2:21  Zergling x2  
  19  2:30  Drone  
  19  2:32  Drone  
  21  2:39  Drone  
  21  2:43  Drone  
  23  2:53  Queen  
  23  2:58  Drone  
  26  3:00  Drone  
  26  3:04  Drone  
  28  3:24  Overlord  
  28  3:27  Extractor  
  28  3:29  Lair  
  28  3:32  Drone  
  28  3:41  Queen  
  28  3:42  Drone x2  
  28  3:43  Drone  
  28  3:44  Drone  
  34  3:49  Extractor  
  33  4:05  Drone x3  
  33  4:06  Overlord  
  36  4:15  Overlord  
  36  4:33  Drone x5  
  36  4:34  Drone  
  42  4:39  Extractor  
  41  4:45  Spore Crawler  
  41  4:47  Spire  
  41  4:48  Drone x2  
  41  4:50  Drone  
  40  5:17  Overlord  
  40  5:20  Overseer  
  40  5:23  Drone x5  
  45  5:36  Overlord  
  45  5:54  Overlord  
  45  6:03  Mutalisk x5  
  55  6:16  Mutalisk x2  
  59  6:21  Mutalisk  
  61  6:33  Mutalisk  
  63  6:40  Overlord  
  63  6:43  Overseer  
  63  6:51  Mutalisk  
  65  7:05  Mutalisk  
  67  7:14  Mutalisk  
  66  7:22  Overseer  
  57  7:24  Drone  
  58  7:34  Drone x4  
  58  7:35  Drone  
  59  7:39  Mutalisk  
  59  7:46  Drone  
  59  7:50  Spore Crawler  
  59  7:58  Drone  
  59  7:59  Drone  
  61  8:08  Spore Crawler  
  60  8:15  Mutalisk  
  54  8:23  Mutalisk  
  52  8:29  Drone x4  
  52  8:30  Drone x2  
  58  8:42  Mutalisk  
  58  8:46  Hatchery  
  59  8:59  Mutalisk  
  61  9:07  Drone  
  61  9:08  Drone x3  
  65  9:26  Mutalisk x2  
  69  10:00  Mutalisk x3  
  69  10:26  Mutalisk x2  
  69  10:27  Mutalisk, Zergling x4  
  69  10:28  Zergling x2  
  78  10:39  Roach Warren  
  77  10:58  Drone x5  
  82  11:10  Evolution Chamber  
  81  11:12  Evolution Chamber  
  80  11:19  Queen  
  80  11:23  Overlord x5  
  80  11:25  Queen  
  82  11:26  Queen  
  76  11:34  Roach x3  
  76  11:37  Overlord x2  
  82  11:41  Extractor  
  82  11:44  Extractor  
  82  11:45  Spine Crawler, Spore Crawler  
  82  11:46  Roach x4  
  86  12:00  Roach x3  
  92  12:18  Roach x6  
  92  12:19  Roach  
  92  12:22  Roach  
  107  12:24  Roach  
  101  12:34  Spine Crawler  
  101  12:35  Roach  
  101  12:36  Roach  
  100  12:45  Overlord x2  
  64  13:13  Roach x3  
  64  13:14  Roach x4  
  64  13:16  Roach  
  75  13:21  Roach  
  76  13:31  Roach  
  78  13:38  Roach  
  80  13:45  Roach  
  82  13:53  Overlord  
  82  13:57  Overlord  
  80  14:15  Roach x3  
  80  14:16  Roach  
Show
View Real Time Build Order
Export as new Build Order

Loken Protoss - Winner!

Build Orders: Cannon Rush 

Get SALT Encoding   

  12  0:01  Probe (Chrono Boost)  
  13  0:12  Probe (Chrono Boost)  
  14  0:19  Pylon  
  14  0:25  Probe (Chrono Boost)  
  15  0:37  Probe (Chrono Boost)  
  15  0:41  Forge  
  16  0:48  Probe (Chrono Boost)  
  17  1:01  Pylon  
  17  1:08  Probe (Chrono Boost)  
  19  1:18  Probe (Chrono Boost)  
  19  1:22  Photon Cannon  
  19  1:23  Photon Cannon  
  19  1:37  Photon Cannon  
  19  1:38  Photon Cannon  
  19  1:45  Photon Cannon  
  18  1:48  Probe (Chrono Boost)  
  18  1:53  Gateway  
  19  2:25  Probe (Chrono Boost)  
  20  2:30  Photon Cannon  
  20  2:34  Photon Cannon  
  20  2:41  Zealot  
  22  2:48  Cybernetics Core  
  22  2:50  Pylon  
  23  2:58  Probe (Chrono Boost)  
  23  3:06  Pylon  
  23  3:08  Zealot  
  23  3:09  Assimilator, Probe (Chrono Boost)  
  23  3:11  Assimilator  
  26  3:19  Probe (Chrono Boost)  
  27  3:29  Nexus  
  26  3:46  Probe (Chrono Boost)  
  27  3:51  Zealot  
  27  3:55  Pylon  
  29  3:57  Probe (Chrono Boost)  
  30  4:09  Warp Gate  
  30  4:16  Twilight Council  
  30  4:18  Probe (Chrono Boost)  
  30  4:21  Nexus  
  31  4:30  Probe (Chrono Boost)  
  32  4:40  Gateway  
  32  4:41  Gateway  
  32  4:45  Gateway  
  32  4:57  Dark Shrine  
  32  5:33  Zealot x4  
  41  5:50  Probe (Chrono Boost)  
  41  5:52  Pylon  
  41  5:54  Pylon  
  41  5:57  Pylon  
  41  5:59  Pylon  
  41  6:02  Probe (Chrono Boost)  
  42  6:09  Pylon  
  41  6:27  Dark Templar x4  
  49  6:59  Nexus  
  49  7:02  Stalker  
  49  7:03  Stalker x3  
  57  7:27  Stalker x3  
  57  7:28  Stalker  
  57  7:47  Pylon  
  57  7:52  Stalker x2, Pylon  
  55  8:30  Photon Cannon  
  55  8:32  Photon Cannon  
  51  8:41  Stalker  
  49  8:50  Stalker  
  49  9:16  Probe (Chrono Boost), Blink  
  50  9:24  Assimilator  
  46  9:25  Assimilator  
  46  9:29  Probe (Chrono Boost)  
  45  9:41  Probe (Chrono Boost)  
  46  9:47  Dark Templar x2  
  50  9:55  Archon  
  45  10:15  Stalker x2  
  49  10:29  Stalker x2  
  53  10:42  Photon Cannon x2  
  53  11:06  Stalker x3  
  59  11:15  Pylon  
  59  11:16  Photon Cannon  
  59  11:33  Zealot  
  59  11:34  Zealot x2  
  65  11:50  Pylon  
  61  12:15  Stalker  
  61  12:16  Stalker x3  
  61  12:41  Stalker x4  
  55  13:18  Stalker  
  55  13:19  Stalker x3  
  61  13:46  Dark Templar x3  
  67  13:50  Dark Templar  
Tags
 
Add a new tag
Caveats
  • Supply blocks, unpowered buildings, or Contaminate may cause inaccurate times.
  • Supply counts are checked every 10 seconds.